Cogmind - Beta 17 @@@ ROGUE MODE // 2026.07.13 @ 17:36:57 Player: Skysub Result: Self-destructed Performance ------------- Evolutions (6) 3000 Regions Visited (12) 2400 Robots Destroyed (14) 70 Value Destroyed (191) 191 Prototype IDs (4) 80 Alien Tech Used (0) 0 Bonus (1334) 1334 TOTAL SCORE: 7075 Bonus ------- Pacifist 834 Entered DSFs 500 Cogmind --------- Core Integrity 1124/1150 Matter 248/300 Energy 214/220 System Corruption 0% Temperature Warm (142) Movement Flying (29) Location -4/Factory Parts ------- > --- POWER (2) -------- Light Nuclear Core Light Fission Core > --- PROPULSION (7) --- Field Propulsion Drive Field Propulsion Drive Field Propulsion Drive Field Propulsion Drive Field Propulsion Drive Nuclear Pulse Array > --- UTILITY (8) ------ Small Storage Unit Enhanced Optical Array Improved Signal Interpreter Hacking Suite Hacking Suite Improved System Shield > --- WEAPON (2) ------- Katana > --- INVENTORY (8) ---- Advanced Terrain Scan Processor Improved Hardlight Generator Hacking Suite Peak State ------------ > --- POWER ------------ Light Nuclear Core Light Fission Core > --- PROPULSION ------- Field Propulsion Drive Field Propulsion Drive Field Propulsion Drive Field Propulsion Drive Field Propulsion Drive Nuclear Pulse Array > --- UTILITY ---------- Improved Coolant Injector Small Storage Unit Enhanced Optical Array Improved Signal Interpreter Hacking Suite Hacking Suite Improved System Shield > --- WEAPON ----------- Katana > --- INVENTORY -------- Advanced Terrain Scan Processor Improved Hardlight Generator Hacking Suite [Rating: 80] Favorites ----------- Power Light Fission Core Engine Ion Engine Power Core Light Fission Core Propulsion Nuclear Pulse Array Hover Unit Cooled Airjet Flight Unit Nuclear Pulse Array Utility Hacking Suite Device Improved Terrain Scanner Storage Small Storage Unit Processor Improved Signal Interpreter Hackware Hacking Suite Protection Hardened Medium Armor Plating Weapon Katana Launcher Mini Grenade Launcher Slashing Weapon Katana Build | -11 -10 -9 -8 -7 -6 -6 -5 -5 -5 -5 -5 -4 ------- Run | Yrd Mat Mat Mat Fac Fac DSF Fac Was Fac Upp Upp Fac Slots Evolved 12 | . . 2 2 2 2 . 2 . . . . 2 Power 1 | . . . . . 1 . . . . . . . Propulsion 5 | . . 1 1 1 1 . 1 . . . . . Utility 6 | . . 1 1 1 . . 1 . . . . 2 Weapon . | . . . . . . . . . . . . . Parts Attached 30 | 1 . 1 1 7 3 8 1 . 4 1 . 3 Power 6 | 1 . . . 2 . 2 . . 1 . . . Engine 2 | 1 . . . 1 . . . . . . . . Core 4 | . . . . 1 . 2 . . 1 . . . Reactor . | . . . . . . . . . . . . . Propulsion 12 | . . . . 3 1 3 1 . 2 . . 2 Treads . | . . . . . . . . . . . . . Leg . | . . . . . . . . . . . . . Wheel . | . . . . . . . . . . . . . Hover 4 | . . . . 3 1 . . . . . . . Flight 8 | . . . . . . 3 1 . 2 . . 2 Utility 10 | . . 1 . 1 2 3 . . 1 1 . 1 Device 2 | . . . . . 1 . . . . 1 . . Storage 1 | . . 1 . . . . . . . . . . Processor 2 | . . . . 1 . . . . 1 . . . Hackware 3 | . . . . . 1 1 . . . . . 1 Protection 2 | . . . . . . 2 . . . . . . Artifact . | . . . . . . . . . . . . . Weapon 2 | . . . 1 1 . . . . . . . . Energy Gun . | . . . . . . . . . . . . . Energy Cannon . | . . . . . . . . . . . . . Ballistic Gun . | . . . . . . . . . . . . . Ballistic Cannon . | . . . . . . . . . . . . . Launcher 1 | . . . 1 . . . . . . . . . Special Weapon . | . . . . . . . . . . . . . Impact Weapon . | . . . . . . . . . . . . . Slashing Weapon 1 | . . . . 1 . . . . . . . . Piercing Weapon . | . . . . . . . . . . . . . Special Melee Weapon . | . . . . . . . . . . . . . Unidentified Prototypes 4 | . . . . 4 . . . . . . . . Parts Lost 6 | . . . . 1 . . . . 2 1 1 1 Power 2 | . . . . 1 . . . . 1 . . . Propulsion 1 | . . . . . . . . . . . 1 . Utility 2 | . . . . . . . . . . 1 . 1 Weapon 1 | . . . . . . . . . 1 . . . Highest Loss Streak 2 | . . . . 1 . . . . 1 1 2 1 To Critical Strikes . | . . . . . . . . . . . . . Average Backups 4 | . . 4 4 4 2 4 7 8 7 6 6 3 Power . | . . 1 1 1 . . . . . . . . Propulsion 1 | . . . . . . . 3 3 3 2 2 . Utility 2 | . . . 1 1 1 2 3 4 3 4 4 3 Weapon 1 | . . 3 2 2 1 1 1 1 . . . . Tool/Special . | . . . . . . . . . . . . . Unused Backups 11 | . . 1 1 1 . 3 . . 2 . . 3 Power . | . . . . . . . . . . . . . Propulsion 4 | . . . . . . 2 . . 2 . . . Utility 4 | . . . . . . 1 . . . . . 3 Weapon 3 | . . 1 1 1 . . . . . . . . Tool/Special . | . . . . . . . . . . . . . Average Slot Usage (%) 44 | . 10 5 1 16 40 68 70 70 76 82 82 81 Engine 1 | . 10 . . . 2 3 . . . . . . Core 5 | . . . . 1 . 5 11 11 10 11 11 10 Hover 3 | . . . . 8 17 14 . . . . . . Flight 11 | . . . . . . 5 23 23 23 29 29 29 Storage 2 | . . 5 . . . 2 5 5 5 5 5 5 Processor 4 | . . . . 3 6 6 5 5 8 11 11 10 Hackware 5 | . . . . . 4 6 11 11 11 11 11 13 Protection 2 | . . . . . . 10 5 5 5 3 . . Slashing Weapon 3 | . . . . 1 6 6 5 5 5 5 5 5 Peak Build Rating 80 | 1 1 1 2 19 37 65 71 71 77 76 76 80 Average Rating 38 | . . . . 10 30 51 71 70 74 75 68 79 On Entrance 36 | . 1 . . 1 16 37 65 71 71 75 76 64 Avg Prop Armor Cover (%) . | . . . . . . . . . . . . . Naked Turns 160 | . 23 53 62 22 . . . . . . . . Heaviest Build 37 | 5 5 5 1 7 14 37 29 29 29 27 20 20 Greatest Support 53 | 3 3 3 3 17 37 39 46 46 50 50 50 53 Greatest Overweight (x) 1 | 1 1 1 . . . 1 . . . . . . Average Overweight (x) . | . . . . . . . . . . . . . Largest Inventory Capacity 8 | 5 5 8 5 5 5 8 8 8 8 8 8 8 Average Capacity 6 | 5 5 6 5 5 5 6 8 8 8 8 8 8 Most Carried 8 | . 2 5 5 5 3 8 8 8 8 8 6 5 Average Carried 5 | . . 4 4 4 2 5 7 8 7 7 6 3 Final Capacity 8 | 5 5 5 5 5 5 8 8 8 8 8 8 8 Final Carried 8 | . 2 5 5 3 2 8 8 8 8 6 6 3 Class Distribution -------------------- 53% | Mutant 46% | Hacker-Sprinter Dominant Class ---------------- Mutant | -10/Materials Mutant | -9/Materials Mutant | -8/Materials Mutant | -7/Factory Mutant | -6/Factory Mutant | -6/DSF Hacker-Sprinter | -5/Factory Hacker-Sprinter | -5/Waste Hacker-Sprinter | -5/Factory Hacker-Sprinter | -5/Upper Caves Hacker-Sprinter | -5/Upper Caves Hacker-Sprinter | -4/Factory Resources | -11 -10 -9 -8 -7 -6 -6 -5 -5 -5 -5 -5 -4 ----------- Run | Yrd Mat Mat Mat Fac Fac DSF Fac Was Fac Upp Upp Fac Matter Collected 558 | 193 . . . 20 . . 173 . 58 114 . . Remotely . | . . . . . . . . . . . . . Salvage Created 335 | . . . . 20 . . 173 . 142 . . . Parts 31 | . . . . 2 . . 9 . 20 . . . Haulers Intercepted . | . . . . . . . . . . . . . Recyclers Shooed 2 | . . . . 1 . . 1 . . . . . Parts Field Recycled . | . . . . . . . . . . . . . Retrieved Matter . | . . . . . . . . . . . . . Parts Self-Destructed . | . . . . . . . . . . . . . Prevented . | . . . . . . . . . . . . . Parts Restored . | . . . . . . . . . . . . . Kills | -11 -10 -9 -8 -7 -6 -6 -5 -5 -5 -5 -5 -4 ------- Run | Yrd Mat Mat Mat Fac Fac DSF Fac Was Fac Upp Upp Fac Combat Hostiles Destroyed 5 | . . . . . . . . . 5 . . . AOE 5 | . . . . . . . . . 5 . . . Classes Destroyed 4 | . . . . 1 . . 2 . 1 . . . Worker 1 | . . . . 1 . . . . . . . . Builder 7 | . . . . . . . 2 . 5 . . . Recycler 1 | . . . . . . . 1 . . . . . Swarmer 5 | . . . . . . . . . 5 . . . Best Kill Streak 9 | . . . . 1 . . 3 . 9 . . . Combat Bots Only 5 | . . . . . . . . . 5 . . . Max Kills in Single Turn 4 | . . . . 1 . . 1 . 4 . . . Gunslinging . | . . . . . . . . . . . . . Exploded 4 | . . . . . . . . . 4 . . . Melee . | . . . . . . . . . . . . . Uniques/NPCs Destroyed . | . . . . . . . . . . . . . Combat | -11 -10 -9 -8 -7 -6 -6 -5 -5 -5 -5 -5 -4 -------- Run | Yrd Mat Mat Mat Fac Fac DSF Fac Was Fac Upp Upp Fac Hostile Shots Fired 205 | . 36 36 27 11 . 18 2 1 39 27 2 6 Missed 91 | . 13 15 12 6 . 8 1 . 20 11 1 4 Hits 114 | . 23 21 15 5 . 10 1 1 19 16 1 2 Melee 1 | . . . . . . . . 1 . . . . Projectile 113 | . 23 21 15 5 . 10 1 . 19 16 1 2 Critical Strikes 1 | . . . . . . . . 1 . . . . Damage Taken 2074 | . 198 283 224 166 . 361 23 38 386 300 24 71 Core 930 | . 170 265 214 20 . 50 . 38 92 55 . 26 Absorbed by Shields . | . . . . . . . . . . . . . Core Remaining (%) 71 | 100 32 33 61 97 . 94 . . . . 81 . Volleys Fired 8 | . . . 5 . . . . . 3 . . . Largest 1 | . . . 1 . . . . . 1 . . . Hottest 30 | . . . 30 . . . . . 30 . . . Shots Fired 8 | . . . 5 . . . . . 3 . . . Gun . | . . . . . . . . . . . . . Cannon . | . . . . . . . . . . . . . Launcher 8 | . . . 5 . . . . . 3 . . . Special . | . . . . . . . . . . . . . Kinetic . | . . . . . . . . . . . . . Thermal . | . . . . . . . . . . . . . Explosive 8 | . . . 5 . . . . . 3 . . . Electromagnetic . | . . . . . . . . . . . . . Robot Hit Streak 2 | . . . . . . . . . 2 . . . Robot Miss Streak 1 | . . . . . . . . . 1 . . . Penetration Max . | . . . . . . . . . . . . . Secondary Targets . | . . . . . . . . . . . . . Shots Hit Robots 15 | . . . . 1 . . 5 . 9 . . . Core Hits 20 | . . 1 . 3 . . 3 . 13 . . . Critical Kills . | . . . . . . . . . . . . . Critical Parts Destroyed . | . . . . . . . . . . . . . Critical Strikes . | . . . . . . . . . . . . . Melee Attacks 15 | . . . . 2 . . 5 . 8 . . . Impact . | . . . . . . . . . . . . . Slashing 15 | . . . . 2 . . 5 . 8 . . . Piercing . | . . . . . . . . . . . . . Sneak Attacks 9 | . . . . 1 . . 3 . 5 . . . Combat Hostiles . | . . . . . . . . . . . . . Follow-up Attacks . | . . . . . . . . . . . . . Damage Inflicted 1236 | . . 16 2 94 . . 286 . 838 . . . Guns . | . . . . . . . . . . . . . Cannons . | . . . . . . . . . . . . . Explosions 417 | . . . . . . . . . 417 . . . Melee 775 | . . . . 68 . . 286 . 421 . . . Ramming 44 | . . 16 2 26 . . . . . . . . Kinetic . | . . . . . . . . . . . . . Thermal . | . . . . . . . . . . . . . Explosive 417 | . . . . . . . . . 417 . . . Electromagnetic . | . . . . . . . . . . . . . Impact . | . . . . . . . . . . . . . Slashing 775 | . . . . 68 . . 286 . 421 . . . Piercing . | . . . . . . . . . . . . . Highest Corruption 1 | . . . 1 1 . . . . . . . . Average Corruption 1 | . . . 1 1 . . . . . . . . Corruption Purged . | . . . . . . . . . . . . . Corruption Blocked . | . . . . . . . . . . . . . Overload Shots . | . . . . . . . . . . . . . Overflow Damage 172 | . . . . . . . 44 . 128 . . . Projectiles . | . . . . . . . . . . . . . Explosions 8 | . . . . . . . . . 8 . . . Melee 164 | . . . . . . . 44 . 120 . . . Knockbacks 1 | . . . . 1 . . . . . . . . Impact 1 | . . . . 1 . . . . . . . . Kinetic . | . . . . . . . . . . . . . Secondary . | . . . . . . . . . . . . . Self-Inflicted Damage 72 | . . 7 52 13 . . . . . . . . Shots 2 | . . . 2 . . . . . . . . . Rammed 7 | . . 3 1 3 . . . . . . . . Targets Rammed 7 | . . 3 1 3 . . . . . . . . Kicked . | . . . . . . . . . . . . . Crushed . | . . . . . . . . . . . . . Highest Temperature 465 | . . . . 465 . . 25 26 84 304 4 130 Average Temperature 65 | . . . . 244 . . 9 8 21 165 4 67 Received Heat Transfer 396 | . 24 108 36 27 . . 9 . 81 102 9 . Effects 1 | . . . . 1 . . . . . . . . Matter Decay 1 | . . . . 1 . . . . . . . . Siege Activations . | . . . . . . . . . . . . . Martial Activations . | . . . . . . . . . . . . . Shielding Activations . | . . . . . . . . . . . . . Robots Disrupted . | . . . . . . . . . . . . . Combat Hostiles . | . . . . . . . . . . . . . Robots Corrupted . | . . . . . . . . . . . . . Combat Hostiles . | . . . . . . . . . . . . . Parts Fried . | . . . . . . . . . . . . . Impact Corruptions . | . . . . . . . . . . . . . Robots Melted . | . . . . . . . . . . . . . Combat Hostiles . | . . . . . . . . . . . . . Parts Melted . | . . . . . . . . . . . . . Heat Transferred . | . . . . . . . . . . . . . Parts Sabotaged . | . . . . . . . . . . . . . Parts Stolen . | . . . . . . . . . . . . . Parts Stripped . | . . . . . . . . . . . . . Power Chain Reactions . | . . . . . . . . . . . . . Alert | -11 -10 -9 -8 -7 -6 -6 -5 -5 -5 -5 -5 -4 ------- Run | Yrd Mat Mat Mat Fac Fac DSF Fac Was Fac Upp Upp Fac Maximum Alert Level . | . . . . . . . . . . . . . Low Security (%) 100 | 100 100 100 100 100 100 100 100 100 100 . . 100 Level 1 . | . . . . . . . . . . . . . Level 2 . | . . . . . . . . . . . . . Level 3 . | . . . . . . . . . . . . . Level 4 . | . . . . . . . . . . . . . Level 5 . | . . . . . . . . . . . . . High Security . | . . . . . . . . . . . . . Max Security . | . . . . . . . . . . . . . Peak Influence 148 | . 15 12 41 34 6 15 7 1 148 . . 48 Initial 46 | . . 5 . 16 6 . 7 1 . . . 46 Average 17 | . . 2 15 8 2 9 4 . 55 . . 42 Influence Increases 430 | . 15 12 56 35 . 15 15 . 210 60 . 12 Destroy 0b10 Robot/C 100 | . . . . . . . . . 100 . . . Destroy 0b10 Robot/NC 45 | . . . . 5 . . 15 . 25 . . . Destroy Leader 10 | . . . . . . . . . 10 . . . Successful Hack 63 | . . 12 13 14 . . . . 12 . . 12 Disable Machine 15 | . . . . . . . . . 15 . . . Destroy Structure 32 | . . . 13 1 . . . . 18 . . . Lose Combat Pursuer 165 | . 15 . 30 15 . 15 . . 30 60 . . Influence Decreases 392 | . . 27 20 57 14 . 25 5 72 92 31 49 Entered New Map 152 | . . 10 . 20 8 . 8 4 . 52 21 29 Time Decay 188 | . . 17 20 27 6 . 17 1 60 30 . 10 Lost Part 52 | . . . . 10 . . . . 12 10 10 10 Squads Dispatched 14 | . 1 2 . 2 . . . . 8 . . 1 Investigation 8 | . . 1 . 2 . . . . 4 . . 1 Extermination . | . . . . . . . . . . . . . Reinforcement 6 | . 1 1 . . . . . . 4 . . . Assault . | . . . . . . . . . . . . . Garrison . | . . . . . . . . . . . . . Intercept . | . . . . . . . . . . . . . Searches Triggered . | . . . . . . . . . . . . . Construction Impeded 1 | . . . . . . . . . 1 . . . Haulers Reinforced . | . . . . . . . . . . . . . Active Scanning Responses . | . . . . . . . . . . . . . Cargo Convoy Interrupts . | . . . . . . . . . . . . . Stealth | -11 -10 -9 -8 -7 -6 -6 -5 -5 -5 -5 -5 -4 --------- Run | Yrd Mat Mat Mat Fac Fac DSF Fac Was Fac Upp Upp Fac Distress Signals 1 | . . . . . . . . . . . . 1 Communications Jammed . | . . . . . . . . . . . . . Distress Signals . | . . . . . . . . . . . . . Times Spotted 80 | . 8 10 13 6 . 6 1 6 15 10 1 4 Peak Tracking Total 10 | . 8 9 10 4 . 5 1 6 8 9 1 4 Tactical Retreats 6 | . 1 . 1 1 . 1 . . 1 1 . . Traps | -11 -10 -9 -8 -7 -6 -6 -5 -5 -5 -5 -5 -4 ------- Run | Yrd Mat Mat Mat Fac Fac DSF Fac Was Fac Upp Upp Fac Traps Triggered 4 | . . 1 . . . 1 1 . . . . 1 Indirectly . | . . . . . . . . . . . . . Trap Hack Attempts . | . . . . . . . . . . . . . Triggered . | . . . . . . . . . . . . . Disarmed . | . . . . . . . . . . . . . Reprogrammed . | . . . . . . . . . . . . . Reused . | . . . . . . . . . . . . . Traps Extracted . | . . . . . . . . . . . . . Installed . | . . . . . . . . . . . . . Triggered . | . . . . . . . . . . . . . Machines | -11 -10 -9 -8 -7 -6 -6 -5 -5 -5 -5 -5 -4 ---------- Run | Yrd Mat Mat Mat Fac Fac DSF Fac Was Fac Upp Upp Fac Machines Disabled 1 | . . . . . . . . . 1 . . . Max in Single Turn 1 | . . . . . . . . . 1 . . . Machines Repaired . | . . . . . . . . . . . . . Machines Dismantled . | . . . . . . . . . . . . . Machines Sabotaged . | . . . . . . . . . . . . . Overloaded Fab Kills . | . . . . . . . . . . . . . Hacking | -11 -10 -9 -8 -7 -6 -6 -5 -5 -5 -5 -5 -4 --------- Run | Yrd Mat Mat Mat Fac Fac DSF Fac Was Fac Upp Upp Fac Machines Accessed 14 | . . 2 2 2 1 . 1 . 5 . . 1 Terminals 9 | . . 2 2 2 1 . . . 1 . . 1 Fabricators 1 | . . . . . . . . . 1 . . . Repair Stations . | . . . . . . . . . . . . . Recycling Units 3 | . . . . . . . 1 . 2 . . . Scanalyzers 1 | . . . . . . . . . 1 . . . Garrison Access . | . . . . . . . . . . . . . Total Hacks 50 | . . 7 10 7 2 . 3 . 18 . . 3 Successful 28 | . . 5 5 1 1 . 2 . 13 . . 1 Failed 22 | . . 2 5 6 1 . 1 . 5 . . 2 Catastrophic 3 | . . . 1 1 . . . . . . . 1 Database Lockouts . | . . . . . . . . . . . . . Manual 26 | . . 6 6 4 . . . . 7 . . 3 Terminals 33 | . . 7 10 7 2 . . . 4 . . 3 Fabricators 3 | . . . . . . . . . 3 . . . Repair Stations . | . . . . . . . . . . . . . Recycling Units 10 | . . . . . . . 3 . 7 . . . Scanalyzers 4 | . . . . . . . . . 4 . . . Garrison Access . | . . . . . . . . . . . . . Terminal Hacks 7 | . . 3 2 . 1 . . . 1 . . . Open DSF 1 | . . . . . 1 . . . . . . . Level Access Points 2 | . . 1 1 . . . . . . . . . Terminal Index 1 | . . 1 . . . . . . . . . . Registered Components 1 | . . . 1 . . . . . . . . . Zone Layout 2 | . . 1 . . . . . . 1 . . . Fabricator Hacks 1 | . . . . . . . . . 1 . . . Network Status 1 | . . . . . . . . . 1 . . . Repair Station Hacks . | . . . . . . . . . . . . . Recycling Unit Hacks 5 | . . . . . . . 2 . 3 . . . Report Inventory 3 | . . . . . . . 1 . 2 . . . Retrieve Components 2 | . . . . . . . 1 . 1 . . . Scanalyzer 3 | . . . . . . . . . 3 . . . Retrieve Study 3 | . . . . . . . . . 3 . . . Garrison Access Hacks . | . . . . . . . . . . . . . Unauthorized Hacks 11 | . . 2 3 1 . . . . 4 . . 1 Terminals 8 | . . 2 3 1 . . . . 1 . . 1 Assimilate 2 | . . . 1 . . . . . . . . 1 Botnet 6 | . . 2 2 1 . . . . 1 . . . Fabricators 2 | . . . . . . . . . 2 . . . Liberate 1 | . . . . . . . . . 1 . . . Fabnet 1 | . . . . . . . . . 1 . . . Repair Stations . | . . . . . . . . . . . . . Recycling Units 1 | . . . . . . . . . 1 . . . Recyclers 1 | . . . . . . . . . 1 . . . Scanalyzers . | . . . . . . . . . . . . . Garrison Access . | . . . . . . . . . . . . . Data Cores Recovered . | . . . . . . . . . . . . . Used . | . . . . . . . . . . . . . Hacking Detections 12 | . . 1 2 2 1 . . . 5 . . 1 Full Trace Events 8 | . . 1 1 2 . . . . 4 . . . Feedback Events 2 | . . . 1 1 . . . . . . . . Corruption 2 | . . . 1 1 . . . . . . . . Feedback Blocked . | . . . . . . . . . . . . . Robot Schematics Acquired . | . . . . . . . . . . . . . Robots Built . | . . . . . . . . . . . . . Authchips . | . . . . . . . . . . . . . Time . | . . . . . . . . . . . . . Total Robot Build Rating . | . . . . . . . . . . . . . Part Schematics Acquired . | . . . . . . . . . . . . . Parts Built . | . . . . . . . . . . . . . Authchips . | . . . . . . . . . . . . . Time . | . . . . . . . . . . . . . Total Part Build Rating . | . . . . . . . . . . . . . Part Studies Acquired 3 | . . . . . . . . . 3 . . . Parts Repaired . | . . . . . . . . . . . . . Time . | . . . . . . . . . . . . . Parts Recycled . | . . . . . . . . . . . . . Recycled Matter . | . . . . . . . . . . . . . Retrieved Matter . | . . . . . . . . . . . . . Retrieved Components 5 | . . . . . . . 3 . 2 . . . Parts Scanalyzed . | . . . . . . . . . . . . . Part Schematics Acquired . | . . . . . . . . . . . . . Parts Damaged . | . . . . . . . . . . . . . Bothacking | -11 -10 -9 -8 -7 -6 -6 -5 -5 -5 -5 -5 -4 ------------ Run | Yrd Mat Mat Mat Fac Fac DSF Fac Was Fac Upp Upp Fac Used RIF Installer . | . . . . . . . . . . . . . Robots Hacked . | . . . . . . . . . . . . . Non-combat . | . . . . . . . . . . . . . Combat . | . . . . . . . . . . . . . Robot Hacks Applied . | . . . . . . . . . . . . . Relay Couplers Released . | . . . . . . . . . . . . . Fabnet Peak Effective % 3 | . . . . . . . . . . . . 3 Robots Rewired . | . . . . . . . . . . . . . Allies Hacked . | . . . . . . . . . . . . . Hacks Repelled . | . . . . . . . . . . . . . Allies | -11 -10 -9 -8 -7 -6 -6 -5 -5 -5 -5 -5 -4 -------- Run | Yrd Mat Mat Mat Fac Fac DSF Fac Was Fac Upp Upp Fac Total Allies 1 | . . . 1 . . . . . . . . . Largest Group 1 | . . . 1 . . . . . . . . . Highest-Rated Group 10 | . . . 10 . . . . . . . . . Highest-Rated Ally 10 | . . . 10 . . . . . . . . . Total Orders . | . . . . . . . . . . . . . Ally Attacks . | . . . . . . . . . . . . . Total Damage . | . . . . . . . . . . . . . Kills . | . . . . . . . . . . . . . Allies Corrupted . | . . . . . . . . . . . . . Allies Melted . | . . . . . . . . . . . . . Intel | -11 -10 -9 -8 -7 -6 -6 -5 -5 -5 -5 -5 -4 ------- Run | Yrd Mat Mat Mat Fac Fac DSF Fac Was Fac Upp Upp Fac Active Infowar (turns) 298 | . . . . . 30 47 . . 117 68 3 33 Optics 221 | . . . . . . . . . 117 68 3 33 Terrain 77 | . . . . . 30 47 . . . . . . Robot Analysis Total . | . . . . . . . . . . . . . Derelict Logs Recovered . | . . . . . . . . . . . . . Drone Launches . | . . . . . . . . . . . . . Drone Recoveries . | . . . . . . . . . . . . . Exploration | -11 -10 -9 -8 -7 -6 -6 -5 -5 -5 -5 -5 -4 ------------- Run | Yrd Mat Mat Mat Fac Fac DSF Fac Was Fac Upp Upp Fac Turns Passed 861 | 21 85 101 73 102 50 80 59 23 163 68 3 33 Spaces Moved 1656 | 22 106 137 114 171 94 95 136 68 392 211 8 102 Core 418 | 22 106 137 114 39 . . . . . . . . Treads . | . . . . . . . . . . . . . Legs . | . . . . . . . . . . . . . Wheels . | . . . . . . . . . . . . . Hover 282 | . . . . 132 94 56 . . . . . . Flight 956 | . . . . . . 39 136 68 392 211 8 102 Fastest Speed 29 | 50 50 50 50 46 45 34 32 32 31 31 31 29 Average Speed 42 | 90 78 66 50 48 45 42 32 32 31 31 33 29 Slowest Speed 117 | 100 100 100 50 50 46 117 32 32 32 31 34 29 Overloaded Moves . | . . . . . . . . . . . . . Propulsion Burnouts . | . . . . . . . . . . . . . Robots Hopped 18 | . . . . . . 1 . 2 5 6 . 4 Potential Cave-ins 6 | . . . 6 . . . . . . . . . Cave-ins Triggered 1 | . . . 1 . . . . . . . . . Exploration Rate (%) 25 | 3 28 21 15 5 3 86 3 74 18 57 6 9 Regions Visited 12 Branch Regions 2 Pre-discovered Areas . | . . . . . . . . . . . . . Known Exits Taken 7 | . . 1 1 1 1 . . . 1 1 1 . Unknown Exits Taken 2 | 1 1 . . . . . . . . . . . Scrap Searched 2 | . . . . . . . . . . 2 . . Spaces Dug 52 | . . . 50 1 . . . . 1 . . . Terrain Destroyed 71 | . . . 60 1 . . . . 10 . . . Melee 2 | . . . . 1 . . . . 1 . . . Projectile . | . . . . . . . . . . . . . AOE 69 | . . . 60 . . . . . 9 . . . Terrain Rammed . | . . . . . . . . . . . . . Walls Destroyed . | . . . . . . . . . . . . . Machines Disabled . | . . . . . . . . . . . . . Actions | -11 -10 -9 -8 -7 -6 -6 -5 -5 -5 -5 -5 -4 --------- Run | Yrd Mat Mat Mat Fac Fac DSF Fac Was Fac Upp Upp Fac Total 1752 | 22 107 146 126 185 99 133 143 66 410 207 7 101 Wait 3 | . . . 1 . 2 . . . . . . . Move 1615 | 21 105 137 112 171 93 93 136 64 381 201 7 94 Hop 13 | . . . . . . . . 1 5 3 . 4 Pick Up 24 | . 1 4 2 . . 10 1 . 5 1 . . Fast Attach 19 | 1 . 1 . 5 3 7 . 1 1 . . . Attach 13 | . . . 1 2 1 . 1 . 4 1 . 3 Detach 3 | . 1 . 1 1 . . . . . . . . Swap 2 | . . . . . . 2 . . . . . . Drop 18 | . . 2 2 2 . 8 . . 3 1 . . Fire 8 | . . . 5 . . . . . 3 . . . Melee 15 | . . . . 2 . . 5 . 8 . . . Ram 5 | . . 2 1 2 . . . . . . . . Kick . | . . . . . . . . . . . . . Crush . | . . . . . . . . . . . . . Escape Stasis 14 | . . . 1 . . 13 . . . . . . Rewire . | . . . . . . . . . . . . . Trap . | . . . . . . . . . . . . . Miscellaneous . | . . . . . . . . . . . . . Route ------- -11/Scrapyard -10/Materials -9/Materials (discovered 3 exits: *Mat x3) -8/Materials (discovered 3 exits: *Fac x3) -7/Factory (discovered 2 exits: *Fac / *Low) -6/Factory (discovered 2 exits: *Low / DSF) -6/DSF -5/Factory -5/Waste -5/Factory -5/Upper Caves -5/Upper Caves -4/Factory History --------- Turn | Location | Event 6 | -11/Scrapyard | Discovered new exit (range 15) 22 | -11/Scrapyard | Entered Materials 89 | -10/Materials | Core integrity fell below 50% 99 | -10/Materials | Discovered new exit (range 16) 107 | -10/Materials | Entered another Materials area 107 | -9/Materials | Evolved 2 slots: Propulsion x1, Utility x1 180 | -9/Materials | Identified exit to Materials 204 | -9/Materials | Core integrity fell below 50% 208 | -9/Materials | Entered another Materials area 208 | -8/Materials | Evolved 2 slots: Propulsion x1, Utility x1 245 | -8/Materials | Identified exit to Factory 275 | -8/Materials | Crushed by falling debris 281 | -8/Materials | Entered Factory 281 | -7/Factory | Evolved 2 slots: Propulsion x1, Utility x1 314 | -7/Factory | Discovered new exit (range 12) 332 | -7/Factory | Identified exit to Lower Caves 372 | -7/Factory | Build established: Mutant 378 | -7/Factory | Discovered new exit (range 10) 382 | -7/Factory | Identified exit to Factory 383 | -7/Factory | Entered another Factory area 383 | -6/Factory | Evolved 2 slots: Power x1, Propulsion x1 390 | -6/Factory | Discovered new exit (range 5) 392 | -6/Factory | Identified exit to Lower Caves 433 | -6/Factory | Identified exit to DSF 433 | -6/Factory | Entered DSF 460 | -6/DSF | Additional patrols routed to DSF 505 | -6/DSF | Discovered new exit (range 15) 513 | -6/DSF | Entered Factory 513 | -5/Factory | Evolved 2 slots: Propulsion x1, Utility x1 572 | -5/Factory | Manually triggered Chute Trap 572 | -5/Factory | Sucked down chute 572 | -5/Factory | Entered Waste 579 | -5/Waste | Spotted C-40 Crusher 580 | -5/Waste | Spotted C-40 Crusher 583 | -5/Waste | Spotted C-40 Crusher 587 | -5/Waste | Crushed by Compactor (0 parts destroyed, 1 dropped) 590 | -5/Waste | Spotted C-40 Crusher 590 | -5/Waste | Spotted C-40 Crusher 591 | -5/Waste | Discovered new exit (range 15) 591 | -5/Waste | Spotted C-40 Crusher 595 | -5/Waste | Identified exit to Factory 595 | -5/Waste | Entered Factory 724 | -5/Factory | Discovered new exit (range 22) 730 | -5/Factory | Identified exit to Upper Caves 758 | -5/Factory | Entered Upper Caves 769 | -5/Upper Caves | Build established: Hacker-Sprinter 773 | -5/Upper Caves | Encountered a Warlord checkpoint 824 | -5/Upper Caves | Discovered new exit (range 10) 826 | -5/Upper Caves | Identified exit to Upper Caves 826 | -5/Upper Caves | Entered another Upper Caves area 826 | -5/Upper Caves | Discovered new exit (range 10) 828 | -5/Upper Caves | Attracted the attention of an 0b10 checkpoint 829 | -5/Upper Caves | Identified exit to Factory 829 | -5/Upper Caves | Entered Factory 829 | -4/Factory | Evolved 2 slots: Utility x2 857 | -4/Factory | Spotted B-86 Titan 862 | -4/Factory | Self-destructed Last Messages --------------- 00847_ An alarm sounds. 00847_ ALERT: Alarm triggered, dispatching investigation squad. 00855_ O-24 Administrator sends out distress signal. 00855_ O-24 Administrator: "IFF HANDSHAKE FAILED. SECURING TERMINAL." 00856_ ALERT: All DSF locations entering lockdown mode. 00859_ Connecting with Terminal... >>Trojan(Assimilate) Trojan loaded successfully. Testing... System interface override in place. 00859_ Terminal disabled. 00860_ K-01 Serf collects debris. 00862_ Imp. Coolant Injector destroyed. 00862_ Knocked back. 00862_ Penetrated by Slug. 00862_ Slug penetrates Wall. Map ----- +----------------------------------------------------+ | ????????????????????????????????????? | | ????????????????????????????????????? | | ????????????????????????????????????? | | ????????????????????????????????????? | | ???????????? g ????????????????????? | | ???????????? #??????????????????? | | ????????????g ####???????????????? | | ???????????# ?????????????? | | ???????????/g #???????????? | | ???????????# #???????????? | | ???????????# #???????????? | | ???????????# #???????????? | | ???????????# #???????????? | | ???????????# #???????????? | | ???????????# k #???????????? | | ???????????# +???????????? | | ???????????# #???????????? | | ???????????# #???????????? | | ???????????+ #???????????? | | ???????????# #???????????? | | ???????????# #???????????? | | ???????????# #???????????? | | ???????????# ###?????????? | | ???????????+ #?????????? | | ???????????# BB #?????????? | | ???????????#@ BB#???????????? | | ???????? % #???????????? | | ???? """ # ############# | | ? " " """ # !! u k | | ??"T" """ ?# !! | | ???"" ??# =! | | ??? ???# * /! | | ??#######+## /k | | ????????# k ###### | | ????????# #????? | | ????????# o """ #????? | | ????????# ""T " """ #????? | | ????????# """"" """ +??? | | ????????# ###??" | | ????????# #?# " | | ????????######/#######;"###### #?# | | ??????????????R ??????###????# #?# " | | ?????????????? "?????????????# #????" | | ??????????????""?????????????# #????? | | ??????????????""?????????????? #????? | | ?????????????????????????????? #????? | | ??????????????????????????????##????? | | ????????????????????????????????????? | | ????????????????????????????????????? | | ??????????????????????????????####### | +----------------------------------------------------+ Best States ------------- Heat Dissipation 43 Coolant Potential 80 Energy Generation 31 Energy Capacity 310 Matter Stores 285 Matter Capacity 300 Sight Range 22 Terrain Scan Range 16 Terrain Scan Density 10 Armor Coverage 450 Evasion (%) 63 Offensive Hacking 20 Defensive Hacking 12 Item Schematics ----------------- None Robot Schematics ------------------ None Fabricated ------------ Nothing Repaired ---------- Nothing Studied --------- Field Propulsion Drive | -5/Factory | Hacked Lgt. Fission Core | -5/Factory | Hacked Mni. Grenade Launcher | -5/Factory | Hacked Alien Tech Used ----------------- None Achievements -------------- None Challenges ------------ None Game ------ Seed MicroShockPlatform Manual? 0 Play Time 00:21:26 Cumulative 324.7 hours Start 2026.07.13 @ 17:16:42 End 2026.07.13 @ 17:36:57 Sessions 1 Manual Loads 0 Difficulty Rogue Special Mode None Game No. 398 Rogue 398 Adventurer 0 Explorer 0 Win Type - Total 22 Types 14/0/3/1/1/0/1/1/0/1 Lore% 78 Gallery% 74 Achievement% 65 Wizard Run 0 Options --------- Layout 1 ASCII 0 Keyboard 1 Movement Arrows Keybinds 0 Fullscreen 2 Font 36/Smallcaps Map View 50x40 Zoom Use 0% Tactical HUD 1 Map Filters NONE Filters NONE Steam 1 RUN: 5e80b6b4-871f-4698-9bcc-8d92f11d96e3